 Dungeon Crawl Stone Soup version 0.25.1-2-g60ff931df9 (webtiles) character file.

Game seed: 17603431336704406441

865 gruber the Archer (level 7, 0/55 HPs)
             Began as a Centaur Hunter on Sept 11, 2020.
             Slain by a troll (4 damage)
             ... on level 5 of the Dungeon.
             The game lasted 00:05:08 (6729 turns).

gruber the Archer (Centaur Hunter)                  Turns: 6729, Time: 00:05:09

Health: 0/55       AC:  8    Str: 16    XL:     7   Next: 72%
Magic:  7/7        EV:  7    Int: 10    God:
Gold:   271        SH:  0    Dex: 10    Spells: 6/6 levels left

rFire    . . .     SeeInvis .   a - +1 shortbow
rCold    + . .     Gourm    .   (shield currently unavailable)
rNeg     . . .     Faith    .   c - +0 leather armour
rPois    .         Spirit   .   (no helmet)
rElec    .         Reflect  .   (no cloak)
rCorr    .         Harm     .   (no gloves)
MR       .....                  q - +0 centaur barding
Stlth    +.........             (no amulet)
HPRegen  0.18/turn              r - ring of protection from cold
MPRegen  0.10/turn              (no ring)

@: very quick
A: large, hooves 3, deformed body, speed 2, tough skin 3
a: no special abilities


You were on level 5 of the Dungeon.
You were near starving.

You visited 1 branch of the dungeon, and saw 6 of its levels.

You collected 271 gold pieces.

Inventory:

Hand Weapons
 a - a +1 shortbow (weapon)
 s - a +0 trident
 y - the cursed +3 short sword of Lust {venom, MR- Int+2 SInv}
   (You found it on level 5 of the Dungeon)

   It poisons the flesh of those it strikes.
   It affects your intelligence (+2).
   It affects your resistance to hostile enchantments.
   It lets you see invisible.
   It has a curse placed upon it.
Missiles
 d - 28 arrows (quivered)
Armour
 c - a +0 leather armour (worn)
 q - a +0 centaur barding (worn)
Jewellery
 r - a ring of protection from cold (left hand)
Wands
 b - a wand of random effects (19)
Scrolls
 e - 3 scrolls of enchant armour {unknown}
 g - 5 scrolls of identify
 h - 5 scrolls of remove curse {unknown}
 j - 2 scrolls of amnesia {unknown}
 l - 3 scrolls of fog {unknown}
 v - a scroll of random uselessness {unknown}
 x - a scroll of magic mapping {unknown}
 z - a scroll of teleportation {unknown}
Potions
 i - a potion of curing {unknown}
 k - a potion of magic {unknown}
 m - 2 potions of stabbing {unknown}
 n - a potion of lignification {unknown}
 o - 2 potions of brilliance {unknown}
 p - 2 potions of heal wounds {unknown}
 t - 2 potions of might {unknown}
 u - a potion of invisibility {unknown}
 w - a potion of berserk rage {unknown}
Comestibles
 f - 8 rations


   Skills:
 - Level 2.0 Fighting
 + Level 12.3 Bows
 - Level 1.3 Dodging
 - Level 0.4 Stealth


You had 6 spell levels left.
You didn't know any spells.
Your spell library contained the following spells:

 Spells                   Type           Power        Failure   Level  Hunger
 Animate Skeleton         Necr           N/A          43%         1    ##.....
 Apportation              Tloc           #.....       43%         1    ##.....
 Corona                   Hex            #......      43%         1    ##.....
 Summon Small Mammal      Summ           #...         43%         1    ##.....


Dungeon Overview and Level Annotations

Branches:
Dungeon (6/15)
 Temple: D:4-7

Altars:
Ashenzari
Gozag
Hepliaklqana
Nemelex Xobeh
Sif Muna

Annotations:
D:4 3 runed translucent doors, Farlane's ghost, amateur DEFE; Maadim's ghost, amateur OpHu; ZZKoverts's ghost, novice OpFi


Innate Abilities, Weirdness & Mutations

You have hooves in place of feet.
Armour fits poorly on your strangely shaped body.
You cover ground very quickly.
You have extremely tough skin. (AC +3)


Message History

You kill the sky beast!
Found 21 gold pieces.
d - 28 arrows (gained 1)
A troll comes into view.
The troll shouts!
You see here 2 arrows.
You see here 2 arrows.
a - a +1 shortbow (weapon)
There is a stone staircase leading up here.
The troll bites you. The troll claws you! x2
There is a stone staircase leading up here.
The troll bites you!
* * * LOW HITPOINT WARNING * * *
The troll claws you.
* * * LOW HITPOINT WARNING * * *
The troll closely misses you.
You climb upwards.
There is a stone staircase leading down here.
The troll barely misses you. The troll claws you.
You die...

.......##########...<....#####'##
#####..........########..........
'...+..........# #..........
#...#..........# #..........
#####..........### ###..........
....##'######....####......######
....#...#...#....#..'......#.....
....'...'...#..T>#..#......#.....
....#...##..#...@#'##......####'#
....#...#####..............#.....
....#.).....'..............#.....
....#.......#..............'.....
....#.......#..............#..###
....###'##..##'####+###.(..#..#..
.........#..#.....#...+....#..#..
.........#..#.....+...#.<..#..#..
####.....#..#.....#...#....#..#..


You could see a troll.

Vanquished Creatures
  2 ogres (D:5)
  A sky beast (D:6)
  A necrophage (D:4)
  2 scorpions
  A crimson imp (D:4)
  A jelly (D:5)
  An orc priest (D:3)
  A hound (D:5)
  3 orc wizards
  Terence (D:3)
  Ijyb (D:4)
  A worker ant (D:5)
  3 adders
  A shadow imp (D:4)
  2 oozes
  2 worms
  2 dart slugs
  A leopard gecko (D:2)
  20 orcs
  5 giant cockroaches
  4 goblins
  3 hobgoblins
  4 jackals (D:2)
  3 quokkas
  A ball python (D:4)
  8 bats
  4 frilled lizards (D:1)
  A jackal skeleton (D:5)
  4 kobolds
  A leopard gecko zombie (D:5)
  7 rats
92 creatures vanquished.

Notes
Turn   | Place    | Note
-------+----------+-------------------------------------------
     0 | D:1      | gruber the Centaur Hunter began the quest for the Orb.
     0 | D:1      | Reached XP level 1. HP: 17/17 MP: 1/1
   208 | D:1      | Reached skill level 6 in Bows
   208 | D:1      | Reached XP level 2. HP: 23/24 MP: 2/2
  1015 | D:2      | Reached XP level 3. HP: 18/29 MP: 3/3
  1580 | D:2      | Reached skill level 7 in Bows
  2000 | D:2      | Found an opulent altar of Gozag.
  2004 | D:2      | Found a sparkling altar of Nemelex Xobeh.
  2112 | D:2      | Found a shimmering blue altar of Sif Muna.
  3109 | D:2      | Reached XP level 4. HP: 11/36 MP: 4/4
  3325 | D:3      | Reached skill level 8 in Bows
  3340 | D:3      | Reached XP level 5. HP: 28/41 MP: 5/5
  3654 | D:3      | Found a shattered altar of Ashenzari.
  3667 | D:3      | Noticed Terence
  3675 | D:3      | Killed Terence
  3936 | D:3      | Reached skill level 9 in Bows
  4202 | D:4      | Found a hazy altar of Hepliaklqana.
  4225 | D:4      | Noticed Ijyb
  4245 | D:4      | Killed Ijyb
  4298 | D:4      | Found a runed translucent gate.
  4298 | D:4      | Noticed Maadim's ghost (amateur OpHu)
  4298 | D:4      | Noticed ZZKoverts's ghost (novice OpFi)
  4298 | D:4      | Noticed Farlane's ghost (amateur DEFE)
  4299 | D:4      | Found a runed translucent gate.
  4299 | D:4      | Found a runed translucent gate.
  4497 | D:4      | Reached XP level 6. HP: 43/48 MP: 6/6
  4823 | D:4      | Reached skill level 10 in Bows
  5009 | D:5      | Entered Level 5 of the Dungeon
  5579 | D:5      | Reached skill level 11 in Bows
  5579 | D:5      | Reached XP level 7. HP: 33/55 MP: 7/7
  5733 | D:5      | Got a twisted short sword
  5734 | D:5      | Identified the cursed +3 short sword of Lust {venom, MR-
                  | Int+2 SInv} (You found it on level 5 of the Dungeon)
  6354 | D:5      | Reached skill level 12 in Bows
  6709 | D:6      | Noticed a troll
  6729 | D:5      | Slain by a troll

Illustrated notes

Levels and vault maps discovered:
D:1:      dpeg_arrival_arbitrary_c, layout_basic
D:2:      layout_basic, grunt_temple_overflow_opulence, lemuel_blue_sif_altar
D:3:      layout_rooms, evilmike_ruin_ashenzari, uniq_terence
D:4:      layout_gridville, nicolae_overflow_hidden_temple,
          gammafunk_ghost_cemetery, uniq_ijyb
D:5:      layout_gridville, first_ration, minmay_misc_feat_five
D:6:      layout_basic, vehumet_crystals, minmay_temple_entry_gardened_gates,
          biasface_ghost_orc_armoury, nicolae_ossuary_entry_monument

Skill      XL: |  1  2  3  4  5  6  7 |
---------------+----------------------+-----
Bows           | 6 7 8 9 11 12 | 12.3
Fighting       | |  2.0
Dodging        | |  1.3
Stealth        | |  0.4

Action                   |  1- 3 |  4- 6 |  7- 9 || total
-------------------------+-------+-------+-------++-------
Melee: Short sword       |   149 |    21 |       ||   170
       Kick              |    26 |    23 |     3 ||    52
       Trident           |       |    98 |    22 ||   120
 Fire: Shortbow          |    20 |    55 |    28 ||   103
  Use: Scroll            |       |       |     1 ||     1
  Eat: Chunk             |     3 |     6 |     1 ||    10
       Ration            |     1 |       |       ||     1
Armor: Leather armour    |    82 |    34 |    10 ||   126
Dodge: Dodged            |    99 |    60 |     9 ||   168
